 Dungeon Crawl Stone Soup version 0.31-b1-22-gc680215f68 (webtiles) character file.

Game seed: 15209459380548815481

53 Esekla the Sneak (level 3, -3/26 HPs)
             Began as an Octopode Delver on Jan 19, 2024.
             Slain by a quokka (5 damage)
             ... on level 5 of the Dungeon.
             The game lasted 00:00:55 (71 turns).

Esekla the Sneak (Octopode Delver)                    Turns: 71, Time: 00:00:56

Health: -3/26      AC:  1    Str: 11    XL:     3   Next: 89%
Magic:  3/4        EV: 13    Int: 14    God:
Gold:   0          SH:  0    Dex: 13    Spells: 3/3 levels left

rFire   . . .        a - +0 falchion
rCold   . . .        (no shield)
rNeg    . . .        (helmet restricted)
rPois   .            (no amulet)
rElec   .            (no ring)
rCorr   .            (no ring)
SInv    .            (no ring)
Will    .....        (no ring)
Stlth   ++++         (no ring)
HPRegen 0.24/turn    (no ring)
MPRegen 0.09/turn    (no ring)
                     (no ring)

%: no passive effects
@: no status effects
A: almost no armour, amphibious, 8 rings, camouflage 1, gelatinous body 1,
(nimble swimmer 1), tentacles
a: no special abilities


You were on level 5 of the Dungeon.
You visited 1 branch of the dungeon, and saw 1 of its levels.

Inventory:

Hand Weapons
 a - a +0 falchion (weapon)
Wands
 f - a wand of digging (3)
Scrolls
 b - a scroll of fog
 d - a scroll of fear
Potions
 e - a potion of haste
 g - a potion of attraction {unknown}


   Skills:
 * Level 3.3 Fighting
 * Level 2.3 Long Blades
 * Level 2.3 Dodging
 + Level 7.4 Stealth
 * Level 0.9 Spellcasting


You had 3 spell levels left.
You didn't know any spells.
Your spell library was empty.

Dungeon Overview and Level Annotations

Branches:
Dungeon (5/15)
 Temple: D:4-7

Altars:
Cheibriados


Innate Abilities, Weirdness & Mutations

You cannot wear most types of armour.
You are amphibious.
You can wear up to eight rings at the same time.
Your skin changes colour to match your surroundings (Stealth+).
Your rubbery body absorbs attacks. (AC +1, EV +1)
((You are camouflaged when in or above water. (Stealth+)))
You have tentacles for arms and can constrict up to eight enemies at once.


Message History

You constrict the hound. The hound barely misses you.
You hit the hound.
The hound is almost dead.
You constrict the hound.
You kill the hound!
Your Stealth skill increases to level 7!
You have reached level 2!
You have reached level 3!
Your experience leads to an increase in your attributes!
Increase (S)trength, (I)ntelligence, or (D)exterity?
You feel clever. x2
You hit the iguana. You grab the iguana.
You squeeze the iguana, but do no damage.
The iguana is lightly wounded.
You constrict the iguana, but do no damage.
The iguana hisses menacingly.
The iguana bites you but does no damage.
The iguana completely misses you.
You hit the iguana.
The iguana is moderately wounded.
You constrict the iguana, but do no damage.
The iguana bites you.
* * * LOW HITPOINT WARNING * * *
You hit the iguana.
You tentacle-slap the iguana, but do no damage.
The iguana is heavily wounded.
You constrict the iguana, but do no damage.
A quokka comes into view.
The iguana barely misses you.
You hit the iguana but do no damage.
The iguana is heavily wounded.
You constrict the iguana. The iguana bites you.
* * * LOW HITPOINT WARNING * * *
You hit the iguana.
You kill the iguana!
An orc comes into view. It is wielding a +0 club.
The quokka bites you.
* * * LOW HITPOINT WARNING * * *
The quokka attacks as it pursues you! The quokka bites you.
You die...

*<,,,* *,,,,,,,,,,* **,*,*
*,**##*###o* *,*,*
*,*,,....#o######### * *,*,*
*,*,,,.#.*.#.......# * *,*,*
*,*,,,,..,.#.......#**** *,*,*
*,**,*,#.##........+,,,+ *,*,*
*,*,,,,#..#........#**** *,*,*
*#.#######.#........+,,,, *,*,*
*.......@r..........+****
*,*,****#########....##########
*,*,,,,,,,* #...†...#.....#
*,*******,****###...†...'.....#
*,* *,,,,,.......8..'....w#
*,***********#####......'.....#
*,,,,,,,,,,,,...........#.....#
**************#>...#.##########
*,,,,,,,....##.#.......#


You could see a quokka.

Vanquished Creatures
  A hound (D:5)
  An iguana (D:5)
2 creatures vanquished.

Notes
Turn   | Place    | Note
-------+----------+-------------------------------------------
     0 | D:5      | Esekla the Octopode Delver began the quest for the Orb.
     0 | D:5      | Reached XP level 1. HP: 16/16 MP: 1/1
    44 | D:5      | Noticed a hound
    51 | D:5      | Found a snail-covered altar of Cheibriados.
    55 | D:5      | Noticed an iguana
    59 | D:5      | Killed a hound
    60 | D:5      | Reached skill level 7 in Stealth
    60 | D:5      | Reached XP level 2. HP: 8/21 MP: 2/2
    60 | D:5      | Reached XP level 3. HP: 10/26 MP: 3/3
    64 | D:5      | HP: 1/26 [iguana (4)]
    71 | D:5      | Slain by a quokka

Illustrated notes

Levels and vault maps discovered:
D:5:      layout_basic, slow_altar_2

Skill      XL: |  1 |
---------------+----+-----
Stealth        | 7 |  7.4
Fighting       | |  3.3
Long Blades    | |  2.3
Dodging        | |  2.3
Spellcasting   | |  0.9

Action                     || total
---------------------------++-------
  Melee: Falchion          ||     9
         Constrict         ||     2
         Punch             ||     1
         Tentacles         ||     1
    Use: Scroll            ||     1
 Armour: Skin              ||    10
  Dodge: Dodged            ||     6
